 Dungeon Crawl Stone Soup version 0.28-a0-245-g639a1a48b9 (webtiles) character file.

Game seed: 15179953167205569526

1875 porpoise the Fighter (level 9, -3/98 HPs)
             Began as an Ogre Arcane Marksman on Aug 25, 2021.
             Was an Initiate of Okawaru.
             Slain by Pikel (5 damage)
             ... on level 6 of the Dungeon.
             The game lasted 00:37:06 (9632 turns).

porpoise the Fighter (Ogre Arcane Marksman)         Turns: 9632, Time: 00:37:07

Health: -3/98      AC:  4    Str: 17    XL:     9   Next: 14%
Magic:  10/10      EV: 10    Int: 16    God:    Okawaru [......]
Gold:   43         SH:  0    Dex:  9    Spells: 3/10 levels left

rFire   . . .      SeeInvis .   a - +1 whip (elec)
rCold   . . .      Faith    .   (no shield)
rNeg    . . .      Spirit   .   e - +1 robe
rPois   +          Reflect  .   (helmet restricted)
rElec   .          Harm     .   (no cloak)
rCorr   .          Rampage  .   (gloves unavailable)
Will    .....                   (boots unavailable)
Stlth   +.........              (no amulet)
HPRegen 0.26/turn               n - ring of poison resistance
MPRegen 0.12/turn               (no ring)

@: hasted, very quick
A: large, unfitting armour, tough skin 1
a: Renounce Religion


You were on level 6 of the Dungeon.
You worshipped Okawaru.
Okawaru was noncommittal.
You visited 2 branches of the dungeon, and saw 7 of its levels.

You collected 283 gold pieces.
You spent 240 gold pieces at shops.

Inventory:

Hand Weapons
 a - a +1 whip of electrocution (weapon)
 i - a +0 morningstar
 l - a +5 falchion
 B - a +6 dagger
Missiles
 d - a throwing net
 g - 3 large rocks (quivered)
 h - 98 stones
 m - 51 sling bullets
 q - 27 poisoned darts
Armour
 e - a +1 robe (worn)
 k - a +0 kite shield
Jewellery
 n - a ring of poison resistance (left hand)
 v - a ring of ice
Wands
 x - a wand of paralysis (2)
 C - a wand of flame (20)
Scrolls
 f - a scroll of fog
 A - a scroll of amnesia
Potions
 b - a potion of curing
 c - a potion of flight
 j - a potion of might {unknown}
 s - a potion of ambrosia {unknown}
 t - a potion of invisibility {unknown}
 w - 4 potions of attraction
 E - a potion of mutation {unknown}


   Skills:
 - Level 9.0 Fighting
 + Level 6.1 Maces & Flails
 - Level 4.0 Throwing
 + Level 5.0 Dodging
 - Level 1.2 Spellcasting
 - Level 2.6 Hexes


You had 3 spell levels left.
You knew the following spells:

 Your Spells              Type           Power      Damage    Failure   Level
c - Corona                Hex            10%        N/A       8%          1
p - Portal Projectile     Hex/Tloc       10%        N/A       36%         3
w - Swiftness             Air            0%         N/A       56%         3

Your spell library contained the following spells:

 Spells                   Type           Power      Damage    Failure   Level
 Slow                     Hex            9%         N/A       12%         2
 Shock                    Conj/Air       0%         1d3       22%         1
 Inner Flame              Hex/Fire       5%         N/A       36%         3
 Stone Arrow              Conj/Erth      0%         3d7       56%         3
 Cause Fear               Hex            4%         N/A       58%         4
 Airstrike                Air            0%         N/A       92%         4
 Passage of Golubria      Tloc           N/A        N/A       92%         4
 Petrify                  Tmut/Erth      0%         N/A       92%         4
 Metabolic Englaciation   Hex/Ice        2%         N/A       98%         5
 Yara's Violent Unravell  Hex/Tmut       2%         3d3       98%         5
 Statue Form              Tmut/Erth      0%         N/A       100%        6
 Lehudib's Crystal Spear  Conj/Erth      0%         10d2      100%        8
 Tukima's Dance           Hex            Unusable   N/A       N/A         3
 Animate Armour           Summ/Erth      Unusable   N/A       N/A         4

Dungeon Overview and Level Annotations

Branches:
Dungeon (6/15)             Temple (1/1) D:6

Altars:
Dithmenos
Elyvilon
Fedhas
Gozag
Hepliaklqana
Makhleb
Okawaru
Ru
Sif Muna
Trog
Uskayaw
Vehumet
Yredelemnul
Zin
The Shining One

Shops:
D:1 [([   D:6 =*

Annotations:
D:5 2 transporters, Thraspic's ghost, novice SpBr
D:6 Pikel


Innate Abilities, Weirdness & Mutations

You are too large for most types of armour.
You have tough skin. (AC +1)


Message History

Pikel freezes you.
You hit Pikel but do no damage.
Pikel hits you with a +2 whip of freezing!
Pikel freezes you.
You hit Pikel.
Pikel is lightly wounded.
Pikel hits you with a +2 whip of freezing.
Pikel freezes you.
You miss Pikel.
Pikel is lightly wounded.
Pikel closely misses you.
You hit Pikel. Lightning courses through Pikel!
Pikel is heavily wounded.
Pikel hits you with a +2 whip of freezing.
Pikel freezes you.
You barely miss Pikel.
Pikel is moderately wounded.
You hit Pikel.
Pikel is heavily wounded.
Pikel hits you with a +2 whip of freezing!
Pikel freezes you.
You closely miss Pikel.
Pikel is heavily wounded.
Pikel hits you with a +2 whip of freezing!
* * * LOW HITPOINT WARNING * * *
Pikel freezes you.
* * * LOW HITPOINT WARNING * * *
You feel yourself speed up.
Pikel hits you with a +2 whip of freezing.
* * * LOW HITPOINT WARNING * * *
Pikel freezes you.
* * * LOW HITPOINT WARNING * * *
You hit Pikel but do no damage. Lightning courses through Pikel!
Pikel is severely wounded.
You hit Pikel but do no damage.
Pikel is severely wounded.
Pikel hits you with a +2 whip of freezing!
* * * LOW HITPOINT WARNING * * *
Pikel freezes you.
You die...

#........# ........
###....###### .......
##[........####. ......
#............... +...#
#.....(....#.### +...#
#..........# ... #...#
........55..#..# #....
##########K#.#..# #..∩.
#@#... #.#####....
#.#.##.#.........#
######[.....#..........
#......######........#.
#......# #........#.
#......# #........##
#......# #........#
#......# ##...#.<..#
#......####....#.....#


You could see Pikel and 2 lemures.

Vanquished Creatures
  Prince Ribbit (D:6)
  Sigmund (D:4)
  Menkaure (D:4)
  A water moccasin (D:5)
  Duvessa (D:4)
  2 ice beasts
  A necrophage (D:4)
  A lemure (D:6)
  3 scorpions
  A water moccasin zombie (D:5)
  Dowan (D:4)
  4 wights
  2 jellies (D:6)
  A hound (D:6)
  An orc priest (D:4)
  A centaur skeleton (D:3)
  3 iguanas
  A howler monkey zombie (D:6)
  8 gnolls
  6 adders
  A shadow imp (D:3)
  A white imp (D:5)
  2 worms (D:2)
  2 dart slugs
  17 orcs
  7 ball pythons
  6 endoplasms
  4 giant cockroaches
  7 goblins
  4 hobgoblins
  5 kobolds
  3 quokkas
  5 bats
  2 frilled lizards (D:3)
  6 rats
  A spectral goblin (D:5)
114 creatures vanquished.

Vanquished Creatures (others)
  2 plants (D:1)
2 creatures vanquished.

Grand Total: 116 creatures vanquished

Notes
Turn   | Place    | Note
-------+----------+-------------------------------------------
     0 | D:1      | porpoise the Ogre Arcane Marksman began the quest for the
                  | Orb.
     0 | D:1      | Reached XP level 1. HP: 19/19 MP: 2/2
   140 | D:1      | Reached skill level 2 in Fighting
   182 | D:1      | Reached XP level 2. HP: 11/29 MP: 3/3
   459 | D:1      | Reached skill level 3 in Fighting
   488 | D:1      | Found Jatotoo's Armour Emporium.
   573 | D:1      | Found Mycotry's Antique Weapon Emporium.
   641 | D:1      | Found Tissemiraef's Magic Scroll Shoppe.
   766 | D:1      | Found Qothre Asoci's Antique Armour Shoppe.
  1193 | D:2      | Reached XP level 3. HP: 39/39 MP: 4/4
  1197 | D:2      | Reached skill level 4 in Fighting
  1232 | D:2      | Found a faded altar of an unknown god.
  2305 | D:2      | Reached XP level 4. HP: 49/49 MP: 5/5
  2401 | D:2      | Reached skill level 5 in Fighting
  3280 | D:3      | Reached XP level 5. HP: 54/57 MP: 6/6
  3660 | D:4      | Noticed Menkaure
  3727 | D:3      | Reached skill level 6 in Fighting
  3727 | D:3      | Reached XP level 6. HP: 12/67 MP: 7/7
  4066 | D:4      | Noticed Dowan
  4089 | D:4      | Killed Menkaure
  4090 | D:4      | Reached skill level 7 in Fighting
  4194 | D:4      | Noticed Duvessa
  4730 | D:4      | Killed Dowan
  4731 | D:4      | Reached skill level 1 in Maces & Flails
  4988 | D:4      | Reached XP level 7. HP: 79/79 MP: 8/8
  5033 | D:4      | Reached skill level 8 in Fighting
  5228 | D:4      | Killed Duvessa
  5665 | D:4      | Noticed Sigmund
  5669 | D:4      | Killed Sigmund
  5670 | D:4      | Reached skill level 9 in Fighting
  5670 | D:4      | Reached XP level 8. HP: 92/92 MP: 7/9
  5949 | D:5      | Entered Level 5 of the Dungeon
  6199 | D:5      | Found a hazy altar of Hepliaklqana.
  6417 | D:5      | Found a sacrificial altar of Ru.
  6465 | D:5      | Found a transporter.
  6466 | D:5      | Found a transporter.
  6466 | D:5      | Noticed Thraspic's ghost (novice SpBr)
  7173 | D:5      | Learned a level 3 spell: Portal Projectile
  7177 | D:5      | Learned a level 3 spell: Swiftness
  7432 | D:6      | Reached skill level 5 in Maces & Flails
  7679 | D:6      | Found a staircase to the Ecumenical Temple.
  8254 | D:6      | Noticed Prince Ribbit
  8745 | D:6      | Found Tuirph's Jewellery Shop.
  8745 | D:6      | Found Aghuaplu's General Store.
  9110 | D:6      | Bought a ring of poison resistance for 240 gold pieces
  9222 | Temple   | Entered the Ecumenical Temple
  9430 | Temple   | Became a worshipper of Warmaster Okawaru
  9475 | D:6      | Reached XP level 9. HP: 85/86 MP: 10/10
  9492 | D:6      | Killed Prince Ribbit
  9493 | D:6      | Reached skill level 5 in Dodging
  9599 | D:6      | Noticed Pikel
  9632 | D:6      | HP: 2/98 [Pikel (11)]
  9632 | D:6      | Slain by Pikel

Illustrated notes

Levels and vault maps discovered:
D:1:      dpeg_arrival_stone_temple_mockup, layout_loops_ring, serial_shops,
          nicolae_lakefront_shop, shop_statue, nicolae_square_shop,
          nicolae_shop_stone, kennysheep_pointless_box, serial_bayou_pond_c
D:2:      minmay_spotlight, layout_loops_corners, ebering_ecumenical_altar_rust
D:3:      layout_basic, serial_aquarium, aquarium_bridge_square
          [aquarium_subvault_wall, aquarium_subvault_wall,
          aquarium_subvault_window, aquarium_subvault_bridge],
          aquarium_bridge_square [aquarium_subvault_wall,
          aquarium_subvault_wall, aquarium_subvault_bridge,
          aquarium_subvault_wall], aquarium_window_2, aquarium_window_1,
          aquarium_window_fake, aquarium_view_2c, aquarium_view_4,
          aquarium_balcony_1a, aquarium_pool_2
D:4:      layout_loops_ring, uniq_menkaure, uniq_duvessa, uniq_sigmund
D:5:      layout_loops_corners, nicolae_hepliaklqana_monster_ancestors,
          lemuel_crystal_altar, gammafunk_ghost_mausoleum
D:6:      layout_basic, mainiacjoe_overflow_alcove_1, minmay_temple_entry_wispy,
          gup_sewer_entry_bubbles, gammafunk_ghost_necromancy, serial_shops,
          shop, shop_coins, shop_coins, minmay_misc_feat_iff, interstate_on_off,
          uniq_prince_ribbit1, uniq_pikel
Temple:   nicolae_temple_figure_eight

Skill      XL: |  1  2  3  4  5  6  7  8  9 |
---------------+----------------------------+-----
Fighting       | 2 3 4 5 6 7 9 |  9.0
Throwing       | 3 4 |  4.0
Maces & Flails | 1 3 5 6 |  6.1
Dodging        | 4 5 |  5.0
Spellcasting   | |  1.2
Hexes          | |  2.6

Action                   |  1- 3 |  4- 6 |  7- 9 || total
-------------------------+-------+-------+-------++-------
Melee: Whip              |    23 |       |   108 ||   131
       Dagger            |    56 |    97 |    72 ||   225
Throw: Stone             |    26 |       |    31 ||    57
       Boomerang         |    33 |    55 |     8 ||    96
       Large rock        |       |     4 |    16 ||    20
       Throwing net      |       |     3 |       ||     3
       Dart              |       |     1 |    11 ||    12
 Cast: Corona            |       |     2 |     5 ||     7
Evoke: Wand              |       |     7 |     1 ||     8
  Use: Scroll            |       |     5 |    12 ||    17
       Potion            |       |     4 |     2 ||     6
 Stab: Sleeping          |       |     1 |       ||     1
       Paralysed         |       |     6 |     9 ||    15
Armor: Robe              |    28 |    19 |    27 ||    74
Dodge: Dodged            |    32 |    49 |    53 ||   134

Table legend: (Time is in decaauts)
 A = Elapsed time spent in this place.
 B = Non-inter-level travel time spent in this place.
 C = Inter-level travel time spent in this place.
 D = Time resting spent in this place.
 E = Time spent auto-exploring this place.
 F = Levels seen in this place.
 G = Mean time per level.
                   A        B        C        D        E       F      G
               +--------+--------+--------+--------+--------+-----+--------+
         Total |   9640 |   9131 |    509 |   4076 |   3474 |   7 | 1377.1 |
       Dungeon |   9418 |   8922 |    496 |   4076 |   3286 |   6 | 1569.7 |
        Temple |    221 |    208 |     13 |      0 |    188 |   1 |  221.0 |
               +--------+--------+--------+--------+--------+-----+--------+

Top non-repeatable levels by time:
     D:5: 2319 daAuts
     D:4: 2012 daAuts
     D:2: 1627 daAuts
     D:3: 1497 daAuts
     D:1: 1189 daAuts
     D:6: 772 daAuts
  Temple: 221 daAuts
